 Dungeon Crawl Stone Soup version 0.23.2-40-g277498a (webtiles) character file.

Game seed: 18405724206299514607

329 Fang the Skirmisher (level 6, 0/60 HPs)
             Began as a Gargoyle Berserker on Sept 10, 2019.
             Was a Priest of Trog.
             Slain by a bullfrog (6 damage)
             ... in a sewer.
             The game lasted 00:02:23 (2587 turns).

Fang the Skirmisher (Gargoyle Berserker)            Turns: 2587, Time: 00:02:23

Health: 0/60       AC:  6    Str: 27    XL:     6   Next: 50%
Magic:  6/6        EV: 12    Int:  8    God:    Trog [***...]
Gold:   138        SH:  0    Dex:  9    Spells: 5/5 levels left

rFire    . . .     SeeInvis .   a - +0 war axe
rCold    . . .     Gourm    .   (no shield)
rNeg     + . .     Faith    .   b - +0 animal skin
rPois    ∞         Spirit   .   (no helmet)
rElec    +         Reflect  .   (no cloak)
rCorr    .         Harm     .   (no gloves)
MR       .....                  (no boots)
Stlth    ..........             (no amulet)
HPRegen  0.20/turn              (no ring)
MPRegen  0.10/turn              (no ring)

@: berserking, slow
A: negative energy resistance 1, electricity resistance, unbreathing,
petrification resistance, rot immunity, AC +4
a: Berserk, Trog's Hand, Renounce Religion


You were in a sewer.
You worshipped Trog.
Trog was most pleased with you.
You were very hungry.

You visited 1 branch of the dungeon, and saw 3 of its levels.
You also visited: Sewer.

You collected 138 gold pieces.

Inventory:

Hand Weapons
 a - a +0 war axe (weapon)
Armour
 b - a +0 animal skin (worn)
Jewellery
 p - a +5 ring of protection {unknown}
Wands
 q - a wand of polymorph (6)
Scrolls
 d - 3 scrolls of identify {unknown}
 e - 2 scrolls of remove curse {unknown}
 f - a scroll of enchant armour {unknown}
 h - 2 scrolls of enchant weapon {unknown}
 l - 2 scrolls of immolation {unknown}
 n - 2 scrolls of teleportation {unknown}
 r - a scroll of amnesia {unknown}
 t - 3 scrolls of magic mapping {unknown}
Potions
 g - 3 potions of curing {unknown}
 i - 2 potions of degeneration {unknown}
 j - 2 potions of brilliance {unknown}
 m - 3 potions of haste {unknown}
 o - a potion of mutation {unknown}
 s - 2 potions of magic {unknown}
Comestibles
 c - a ration
 k - 6 chunks of flesh


   Skills:
 + Level 4.8 Fighting
 + Level 3.9 Axes
 + Level 4.0 Armour
 + Level 3.0 Dodging


You had 5 spell levels left.
You didn't know any spells.
Your spell library was empty.

Dungeon Overview and Level Annotations

Branches:
Dungeon (3/15)

Altars:


Innate Abilities, Weirdness & Mutations

You are resistant to torment.
Your stone body is resilient. (AC +4)
You are immune to poison.
You resist negative energy. (rN+)
You are resistant to electric shocks. (rElec)
You can survive without breathing.
You are immune to petrification.
You are immune to rotting.


Message History

You slash the bullfrog!
You kill the bullfrog!
Trog accepts your kill.
Your Armour skill increases to level 4!
Your Dodging skill increases to level 3!
You hit the ball python.
You kill the ball python!
Trog accepts your kill.
You barely miss the ball python. You closely miss the bullfrog.
The bullfrog barely misses you.
You miss the frilled lizard. You closely miss the bullfrog.
You closely miss the ball python.
The ball python bites you but does no damage.
The ball python barely misses you. The bullfrog closely misses you.
The frilled lizard closely misses you.
You closely miss the frilled lizard. You hit the ball python.
You kill the ball python!
Trog accepts your kill.
You slash the bullfrog! The bullfrog hits you.
You die...

#####################
...≈≈≈≈≈≈≈≈≈≈≈≈≈≈≈#.###
..≈≈≈≈≈≈≈..≈≈≈≈≈≈≈≈...##
..≈≈≈Jl@#≈≈≈≈≈≈≈≈≈≈....#
..≈#≈≈F†≈≈≈≈≈≈≈≈≈≈≈....#
..≈≈≈≈≈≈≈≈≈≈≈≈≈≈≈≈≈....#
..#≈≈≈≈≈≈≈≈≈≈≈≈≈≈≈#.....
# ##################....
####... #..#... #..'...
#####..


You could see a bullfrog, an ooze and a frilled lizard.

Vanquished Creatures
  A bullfrog (Sewer)
  12 adders
  6 river rats (Sewer)
  2 oozes
  3 worms
  A dart slug (D:2)
  3 leopard geckos
  An orc (D:3)
  13 ball pythons
  3 giant cockroaches
  11 goblins
  5 hobgoblins
  3 jackals (D:3)
  6 kobolds
  8 bats
  2 frilled lizards (D:2)
  26 rats
106 creatures vanquished.

Notes
Turn   | Place    | Note
-------+----------+-------------------------------------------
     0 | D:1      | Fang the Gargoyle Berserker began the quest for the Orb.
     0 | D:1      | Reached XP level 1. HP: 14/14 MP: 1/1
    90 | D:1      | Reached XP level 2. HP: 18/19 MP: 2/2
   765 | D:2      | Reached XP level 3. HP: 23/24 MP: 3/3
   969 | D:2      | Reached ** piety under Trog
  1227 | D:2      | Reached XP level 4. HP: 28/29 MP: 4/4
  1745 | D:3      | Reached XP level 5. HP: 32/33 MP: 5/5
  1807 | D:3      | Found a glowing drain.
  1821 | Sewer    | Entered a sewer
  1851 | Sewer    | HP: 2/49 [river rat (3)]
  1853 | Sewer    | Reached *** piety under Trog
  2379 | Sewer    | Reached XP level 6. HP: 28/39 MP: 6/6
  2587 | Sewer    | Slain by a bullfrog

Skill      XL: |  1  2  3  4  5  6 |
---------------+-------------------+-----
Axes           | 3 |  3.9
Dodging        | 2 3 |  3.0
Armour         | 3 4 |  4.0
Fighting       | 4 |  4.8

Action                   |  1- 3 |  4- 6 || total
-------------------------+-------+-------++-------
Melee: Hand axe          |    99 |    11 ||   110
       War axe           |       |   178 ||   178
Invok: Berserk           |     1 |     3 ||     4
  Eat: Chunk             |     2 |     7 ||     9
Armor: Animal skin       |    36 |   118 ||   154
Dodge: Dodged            |    63 |   208 ||   271
